 Dungeon Crawl Stone Soup version 0.32-a0-42-ga30500b4d3 (webtiles) character file.

Game seed: 17509793105932410674

82 seren the Shooter (level 4, 20/26 HPs)
             Began as a Kobold Hexslinger on Feb 2, 2024.
             Quit the game on level 3 of the Dungeon.
             The game lasted 00:03:52 (2415 turns).

seren the Shooter (Kobold Hexslinger)               Turns: 2415, Time: 00:03:52

Health: 20/26      AC:  6    Str:  7    XL:     4   Next: 70%
Magic:  6/6        EV: 15    Int: 14    God:
Gold:   131        SH:  0    Dex: 17    Spells: 1/6 levels left

rFire   . . .        a - +1 sling
rCold   . . .        (no shield)
rNeg    . . .        c - +0 robe
rPois   .            (no helmet)
rElec   .            (no cloak)
rCorr   .            l - +2 pair of gloves
SInv    +            n - +0 pair of boots
Will    .....        (no amulet)
Stlth   +++          j - ring of see invisible
HPRegen 0.24/turn    (no ring)
MPRegen 0.10/turn

%: no passive effects
@: no status effects
A: small, no large weapons, nightstalker 3
a: no special abilities


You were on level 3 of the Dungeon.
You visited 1 branch of the dungeon, and saw 3 of its levels.

You collected 131 gold pieces.

Inventory:

Hand Weapons
 a - a +1 sling (weapon)
Missiles
 h - 2 poisoned darts
Armour
 c - a +0 robe (worn)
 l - a +2 pair of gloves (worn)
 n - a +0 pair of boots (worn)
 p - a +0 buckler
Jewellery
 j - a ring of see invisible (left hand)
Talismans
 d - a flux talisman
Scrolls
 b - a scroll of poison
 e - 2 scrolls of identify {unknown}
 f - 2 scrolls of blinking {unknown}
 k - a scroll of enchant armour {unknown}
 q - a scroll of immolation {unknown}
 r - a scroll of vulnerability {unknown}
Potions
 g - a potion of lignification {unknown}
 i - a potion of berserk rage {unknown}
 m - a potion of haste {unknown}
 o - 2 potions of might {unknown}


   Skills:
 + Level 2.0 Fighting
 + Level 3.5 Ranged Weapons
 + Level 3.1 Dodging
 + Level 1.9 Spellcasting
 + Level 3.4 Hexes
 + Level 1.6 Fire Magic


You had one spell level left.
You knew the following spells:

 Your Spells              Type           Power      Damage    Failure   Level
a - Jinxbite              Hex            20%        N/A       9%          2
b - Inner Flame           Hex/Fire       8%         N/A       26%         3

Your spell library contained the following spells:

 Spells                   Type           Power      Damage    Failure   Level
 Sigil of Binding         Hex            10%        N/A       17%         3
 Cause Fear               Hex            5%         N/A       50%         4
 Fugue of the Fallen      Necr           1%         N/A       58%         3
 Ozocubu's Armour         Ice            1%         N/A       58%         3
 Dimensional Bullseye     Hex/Tloc       3%         N/A       75%         4
 Manifold Assault         Tloc           1%         N/A       94%         4


Dungeon Overview and Level Annotations

Branches:
Dungeon (3/15)

Altars:
Dithmenos
Xom
Zin


Innate Abilities, Weirdness & Mutations

You are small and have problems with some larger weapons.
You are completely attuned to the shadows.


Message History

You shoot a sling bullet. The sling bullet hits the hobgoblin!
You kill the hobgoblin!
No target in view!
Found a stone staircase leading down.
Found a buckler.
You see here a +0 buckler.
p - a +0 buckler
Found a dagger.
You see here a +0 dagger.
Found 2 datura-tipped darts.
Found a shimmering altar of Xom.
You see here 2 datura-tipped darts.
Why would you want to do that?
q - a scroll labelled EMAMMI NOBI You now have 131 gold pieces (gained 15).
Found a spear.
Okay, then.
Found a stone staircase leading down.
There is a stone staircase leading down here.
Found 3 stones.
You see here 3 stones.
r - a scroll labelled HUSOIJANOA
Found a tower shield.
You see here a +0 tower shield.
You see here 3 stones.
An orc comes into view. It is wielding a +0 flail.
You shoot a sling bullet. The sling bullet hits the orc.
The orc is severely wounded.
You shoot a sling bullet.
The sling bullet hits the orc but does no damage.
The orc is severely wounded.
You shoot a sling bullet. The sling bullet barely misses the orc.
The orc hits you with a +0 flail!
You shoot a sling bullet. The sling bullet barely misses the orc.
The orc closely misses you.
You shoot a sling bullet. The sling bullet hits the orc.
You kill the orc!
Things that are here:
a +0 flail; a +0 leather armour Are you sure you want to abandon this character and quit the game? (Confirm with "yes".)

# ### #..# # #..# # #..# #
## ...# #######.# ....
........# #...##.#
####....## #...#.## #
#.###.# .###@#..#
####.###.# .....#..#
.........# ###.....#
####.###.# #####.#
#.###.#########..###
######
#....#...............
#....#
#####.###############
#[#..#
#.(.....############....##
#.#####...................


There were no monsters in sight!

Vanquished Creatures
  A gnoll (D:2)
  3 adders
  A dart slug (D:2)
  An orc (D:3)
  5 ball pythons
  3 endoplasms
  A giant cockroach (D:2)
  3 goblins (D:1)
  7 hobgoblins
  2 quokkas (D:1)
  4 frilled lizards
  5 kobolds (D:1)
  5 rats
41 creatures vanquished.

Notes
Turn   | Place    | Note
-------+----------+-------------------------------------------
     0 | D:1      | seren the Kobold Hexslinger began the quest for the Orb.
     0 | D:1      | Reached XP level 1. HP: 12/12 MP: 2/2
   146 | D:1      | Reached XP level 2. HP: 16/16 MP: 3/3
   616 | D:1      | Reached XP level 3. HP: 20/20 MP: 5/5
  1094 | D:2      | Reached XP level 4. HP: 26/26 MP: 6/6
  1148 | D:2      | Found a faded altar of an unknown god.
  1493 | D:3      | Found a faded altar of an unknown god.
  1496 | D:3      | Found a glowing silver altar of Zin.
  2116 | D:3      | Found a shadowy altar of Dithmenos.
  2152 | D:3      | Learned a level 2 spell: Jinxbite
  2156 | D:3      | Learned a level 3 spell: Inner Flame
  2226 | D:3      | Found a shimmering altar of Xom.
  2415 | D:3      | Quit the game

Illustrated notes

Levels and vault maps discovered:
D:1:      minmay_arrival_diagonal_passages, layout_loops_cross,
          nrook_mini_backslash
D:2:      layout_loops_ring, nicolae_ecumenical_oubliette
D:3:      minmay_evil_eye, layout_loops_ring, mainiacjoe_overflow_brackets,
          grunt_dithmenos_smoke, nicolae_overflow_ecumenical_swirl,
          mainiacjoe_overflow_boulevard, st_stairs_8, minmay_snake_closets,
          uniq_crazy_yiuf_cottage

Skill      XL: |  1  2  3  4 |
---------------+-------------+-----
Ranged Weapons | 3 |  3.5
Dodging        | 3 |  3.1
Fighting       | 2 |  2.0
Spellcasting   | |  1.9
Hexes          | |  3.4
Fire Magic     | |  1.6

Action                     |  1- 3 |  4- 6 || total
---------------------------+-------+-------++-------
   Fire: Sling             |    72 |    37 ||   109
 Armour: Robe              |    14 |    10 ||    24
  Dodge: Dodged            |    30 |    15 ||    45

Table legend: (Time is in decaauts)
 A = Elapsed time spent in this place.
 B = Non-inter-level travel time spent in this place.
 C = Inter-level travel time spent in this place.
 D = Time resting spent in this place.
 E = Time spent auto-exploring this place.
 F = Levels seen in this place.
 G = Mean time per level.
                   A        B        C        D        E       F      G
               +--------+--------+--------+--------+--------+-----+--------+
         Total |   2440 |   2333 |    107 |    198 |   1704 |   3 |  813.3 |
       Dungeon |   2440 |   2333 |    107 |    198 |   1704 |   3 |  813.3 |
               +--------+--------+--------+--------+--------+-----+--------+

Top non-repeatable levels by time:
     D:2: 1063 daAuts
     D:1: 830 daAuts
     D:3: 546 daAuts
